 Dungeon Crawl Stone Soup version 0.27-a0-1324-ge0d8e04 (webtiles) character file.

Game seed: 5177248835299021698

84 HDogLeCool the Shield-Bearer (level 4, -1/35 HPs)
             Began as a Demonspawn Fighter on June 22, 2021.
             Slain by a wyvern zombie (5 damage)
             ... on level 3 of the Dungeon.
             The game lasted 00:03:20 (1802 turns).

HDogLeCool the Shield-Bearer (Demonspawn Fighter)   Turns: 1802, Time: 00:03:20

Health: -1/35      AC:  7    Str: 16    XL:     4   Next: 23%
Magic:  4/4        EV:  7    Int: 10    God:
Gold:   53         SH: 11    Dex: 13    Spells: 3/3 levels left

rFire    + . .     SeeInvis .   a - +0 long sword
rCold    + . .     Faith    .   g - +2 kite shield
rNeg     . . .     Spirit   .   b - +0 scale mail
rPois    +         Reflect  .   (no helmet)
rElec    +         Harm     .   (no cloak)
rCorr    +         Rampage  .   (no gloves)
Will     .....                  (no boots)
Stlth    ..........             (no amulet)
HPRegen  0.11/turn              (no ring)
MPRegen  0.18/turn              (no ring)

@: resistant
A: magic regeneration, sharp scales 1
a: no special abilities


You were on level 3 of the Dungeon.
You visited 1 branch of the dungeon, and saw 3 of its levels.

You collected 53 gold pieces.

Inventory:

Hand Weapons
 a - a +0 long sword (weapon)
 d - a +1 dagger of venom
Missiles
 l - 59 stones (quivered)
Armour
 b - a +0 scale mail (worn)
 c - a +0 kite shield
 g - a +2 kite shield (worn)
Scrolls
 e - 9 scrolls of identify {unknown}
 f - a scroll of teleportation {unknown}
 i - 2 scrolls of fear {unknown}
 j - a scroll of holy word {unknown}
 k - a scroll of enchant weapon {unknown}
 n - a scroll of vulnerability {unknown}
 r - a scroll of magic mapping {unknown}
Potions
 h - a potion of magic {unknown}
 o - a potion of flight {unknown}
 p - a potion of curing {unknown}
 q - a potion of haste {unknown}


   Skills:
 + Level 3.3 Fighting
 * Level 2.8 Long Blades
 + Level 3.1 Armour
 * Level 3.4 Shields


You had 3 spell levels left.
You didn't know any spells.
Your spell library was empty.

Dungeon Overview and Level Annotations

Branches:
Dungeon (3/15)

Altars:
Fedhas


Innate Abilities, Weirdness & Mutations

You regenerate magic rapidly.
You are partially covered in razor-sharp scales. (AC +1, Slay +1)


Message History

You see here a ball python corpse.
There is a stone staircase leading up here.
i - 2 scrolls labelled ECWA RUQIPI (gained 1)
q - a fuming blue potion
r - a scroll labelled MIUHIXAALA
Found 5 poisoned darts, a glowing long sword and 19 bolts.
Found a robe and a leather armour.
e - 8 scrolls labelled FUMIOMP ZUSK (gained 1)
e - 9 scrolls labelled FUMIOMP ZUSK (gained 1)
You now have 53 gold pieces (gained 10).
Found a blossoming altar of Fedhas.
Found an escape hatch in the ceiling.
Found an escape hatch in the floor.
A goblin comes into view. It is wielding a +0 dagger.
The goblin shouts!
A goblin is nearby!
You miss the goblin.
The goblin hits you but does no damage. x2
You slash the goblin!
You kill the goblin!
No target in view!
You see here a +0 dagger.
A wyvern zombie comes into view.
Found a stone staircase leading down.
The wyvern zombie bites you!
You hit the wyvern zombie.
The wyvern zombie is lightly damaged.
The wyvern zombie bites you but does no damage.
The wyvern zombie bites you!
You slash the wyvern zombie!
The wyvern zombie is moderately damaged.
The wyvern zombie bites you. x2
* * * LOW HITPOINT WARNING * * *
Sorry, you're not good enough to have a special ability.
You slash the wyvern zombie!
The wyvern zombie is heavily damaged.
You block the wyvern zombie's attack. The wyvern zombie bites you.
* * * LOW HITPOINT WARNING * * *
It was a potion of resistance.
You feel protected. The wyvern zombie bites you.
You die...

#.# #..#####..##
##.## #..#[[?#..##
#...#####..#()(#..##
#......##..#?/?#....
#...##.##..#####..##
######............#
####.#..........#
#....#######.#####
#@#### #.####. #Z#
#...... #.# #.####.
#.# #.# ## #.# #.#
#.# #.#### #>#
##....# #.#
##...#.##
######.......#


You could see a wyvern zombie.

Vanquished Creatures
  Terence (D:2)
  2 adders (D:2)
  A dart slug (D:1)
  3 bats
  7 endoplasms
  A giant cockroach (D:2)
  4 goblins
  4 hobgoblins (D:2)
  4 kobolds
  A quokka (D:2)
  2 ball pythons
  A frilled lizard (D:2)
  8 rats
39 creatures vanquished.

Notes
Turn   | Place    | Note
-------+----------+-------------------------------------------
     0 | D:1      | HDogLeCool the Demonspawn Fighter began the quest for the
                  | Orb.
     0 | D:1      | Reached XP level 1. HP: 18/18 MP: 1/1
   153 | D:1      | Gained mutation: You are partially covered in razor-sharp
                  | scales. (AC +1, Slay +1) [demonic ancestry]
   153 | D:1      | Reached XP level 2. HP: 24/24 MP: 2/2
   184 | D:1      | You fall into a shaft and drop 1 floor!
   201 | D:2      | HP: 1/24 [poisoned by a kobold]
  1083 | D:2      | Gained mutation: You regenerate magic rapidly. [demonic
                  | ancestry]
  1083 | D:2      | Reached XP level 3. HP: 26/29 MP: 3/3
  1306 | D:2      | Noticed Terence
  1317 | D:2      | Killed Terence
  1318 | D:2      | Reached XP level 4. HP: 25/35 MP: 4/4
  1531 | D:2      | Found a faded altar of an unknown god.
  1720 | D:3      | Found a blossoming altar of Fedhas.
  1802 | D:3      | Slain by a wyvern zombie

Illustrated notes

Levels and vault maps discovered:
D:1:      tarquinn_simple_flora_water_b, layout_rooms
D:2:      layout_basic, hellmonk_ecumenical_altar_inner_sanctum,
          minmay_misc_feat_cross, uniq_terence
D:3:      layout_loops_ring, fedhas_ov_isle_minmay, due_unseen_surprise,
          uniq_jessica

Skill      XL: |  1  2  3 |
---------------+----------+-----
Long Blades    | 2 |  2.8
Shields        | 3 |  3.4
Armour         | 3 |  3.1
Fighting       | |  3.3

Action                   |  1- 3 |  4- 6 || total
-------------------------+-------+-------++-------
Melee: Long sword        |    94 |    12 ||   106
  Use: Potion            |     1 |     1 ||     2
Armor: Scale mail        |    37 |     5 ||    42
Dodge: Dodged            |    18 |     1 ||    19
Block: Kite shield       |    39 |     7 ||    46
       Rpst.: Long sword |     4 |       ||     4

Table legend: (Time is in decaauts)
 A = Elapsed time spent in this place.
 B = Non-inter-level travel time spent in this place.
 C = Inter-level travel time spent in this place.
 D = Time resting spent in this place.
 E = Time spent auto-exploring this place.
 F = Levels seen in this place.
 G = Mean time per level.
                   A        B        C        D        E       F      G
               +--------+--------+--------+--------+--------+-----+--------+
         Total |   1858 |   1826 |     32 |    471 |   1045 |   3 |  619.3 |
       Dungeon |   1858 |   1826 |     32 |    471 |   1045 |   3 |  619.3 |
               +--------+--------+--------+--------+--------+-----+--------+

Top non-repeatable levels by time:
     D:2: 868 daAuts
     D:1: 780 daAuts
     D:3: 208 daAuts
